 Dungeon Crawl Stone Soup version 0.27.0-1-g7a089689b8 (webtiles) character file.

Game seed: 4727751206067247732

65 Sobieck the Chopper (level 3, -8/46 HPs)
             Began as a Palentonga Berserker on Aug 5, 2021.
             Was a Believer of Trog.
             Killed by divine providence
             ... invoked by an orc priest
              (12 damage)
             ... on level 2 of the Dungeon.
             The game lasted 00:02:22 (1489 turns).

Sobieck the Chopper (Palentonga Berserker)          Turns: 1489, Time: 00:02:23

Health: -8/46      AC:  4    Str: 21    XL:     3   Next: 92%
Magic:  3/3        EV:  9    Int:  7    God:    Trog [**....]
Gold:   99         SH:  0    Dex:  9    Spells: 2/2 levels left

rFire    . . .     SeeInvis +   a - +0 hand axe {axe}
rCold    . . .     Faith    .   (no shield)
rNeg     . . .     Spirit   .   b - +0 animal skin
rPois    .         Reflect  .   (no helmet)
rElec    .         Harm     .   (no cloak)
rCorr    .         Rampage  .   (no gloves)
Will     .....                  (no barding)
Stlth    ..........             (no amulet)
HPRegen  0.15/turn              (no ring)
MPRegen  0.08/turn              (no ring)

@: berserking, very quick
A: large, rugged brown scales 3, see invisible, deformed body, roll 1, armoured
tail
a: Rolling Charge, Renounce Religion, Berserk, Trog's Hand


You were on level 2 of the Dungeon.
You worshipped Trog.
Trog was pleased with you.
You visited 1 branch of the dungeon, and saw 2 of its levels.

You collected 99 gold pieces.


Innate Abilities, Weirdness & Mutations

You are completely covered in rugged brown scales. (AC +3, +7% HP)
You have supernaturally acute eyesight. (SInv)
Armour fits poorly on your strangely shaped body.
You can roll at nearby foes to attack.
You have a long armoured tail.


   Skills:
 - Level 3.0 Fighting
 + Level 4.9 Axes
 - Level 1.5 Armour
 - Level 1.5 Dodging


You had 2 spell levels left.
You didn't know any spells.
Your spell library contained the following spells:

 Spells                   Type           Power      Damage    Failure   Level
 Ignite Poison            Fire/Tmut/Pois 0%         N/A       80%         3
 Mephitic Cloud           Conj/Pois/Air  0%         N/A       80%         3
 Bolt of Magma            Conj/Fire/Erth 0%         4d4       100%        5

Inventory:

Hand Weapons
 a - a +0 hand axe (weapon) {axe}
Missiles
 d - 2 throwing nets {=f!fthrowing}
 g - 18 stones {throwing}
Armour
 b - a +0 animal skin (worn)
Scrolls
 c - a scroll of identify {unknown}
 e - a scroll of blinking {unknown}
Potions
 f - a potion of haste {unknown}

Dungeon Overview and Level Annotations

Branches:
Dungeon (2/15)

Altars:
Sif Muna

#.####.............####
###.#....................
....#...###.....#####....
.#####..# #.....# ...
oo......# #..####
#######.# #..#♣##
#######.###.....##
.....##.o....#♣oo##
####.#####.####.@.# #
#..#.#####÷.♣#
.....##....#...#.<.#
##o#####.###.###..♣# o.
#.###.##...# .#
#.....#♣..## #
#####.'..## ###♣##


You could see 2 orc priests.


Message History

You slash the giant cockroach!
You kill the giant cockroach!
Trog accepts your kill.
No target in view!
You climb downwards.
The bat hits you but does no damage. x2
The ball python bites you. The ball python closely misses you.
There is a stone staircase leading up here.
Danger!
You are too injured to fight recklessly!
You are too injured to fight recklessly!
You are too injured to fight recklessly!
You are too injured to fight recklessly!
You slash the bat!
You kill the bat!
Trog accepts your kill.
You closely miss the ball python.
The ball python bites you but does no damage.
You barely miss the ball python. You tail-slap the ball python.
You kill the ball python!
Trog accepts your kill.
You see here a ball python corpse.
You start resting.
Unknown command.
You see here a ball python corpse.
You open the door.
There is an open door here.
You now have 81 gold pieces (gained 5).
Found a stone staircase leading down.
Unknown command.
You now have 89 gold pieces (gained 8).
You now have 99 gold pieces (gained 10).
You pick up a Trismegistus Codex {forbidden} and begin reading...
You add the spells Ignite Poison, Mephitic Cloud and Bolt of Magma to your library.
Unknown command.
An orc and an orc priest come into view.
The orc shouts!
The orc priest shouts!
You hear an angry hiss.
An orc priest comes into view. It is wielding a +0 hand axe.
Danger!
The orc priest shouts!
You hear a shout!
The orc priest mumbles some strange prayers to Beogh against you.
Beogh smites you!
The orc priest looks encouraged for a moment.
You see here a ball python skeleton.
There is a stone staircase leading up here.
The orc hits you with a +0 flail.
You climb upwards.
There is a stone staircase leading down here.
You hit the orc. The orc barely misses you.
You barely miss the orc. The orc hits you with a +0 flail.
* * * LOW HITPOINT WARNING * * *
The orc barely misses you.
You barely miss the orc. The orc hits you but does no damage.
Unknown command.
You hit the orc.
You kill the orc!
Trog accepts your kill.
You start resting.
Unknown command.
You climb downwards.
The orc priest mumbles some strange prayers to Beogh against you.
Beogh smites you!
Ouch! That really hurt!
* * * LOW HITPOINT WARNING * * *
There is a stone staircase leading up here.
Danger!
Roll where?
Press: ? - help, Dir - move target, f - orc priest
Aim: an orc priest, wielding a +0 hand axe You roll forward with a clatter of scales!
You barely miss the orc priest.
You tail-slap the orc priest, but do no damage.
The orc priest hits you but does no damage.
Unknown command.
You hit the orc priest but do no damage.
You tail-slap the orc priest, but do no damage.
The orc priest hits you with a +0 hand axe.
* * * LOW HITPOINT WARNING * * *
Unknown command.
You hit the orc priest. The orc priest completely misses you.
Unknown command.
You barely miss the orc priest. You tail-slap the orc priest.
You hit the orc priest.
The orc priest hits you with a +0 short sword.
* * * LOW HITPOINT WARNING * * *
The orc priest barely misses you.
Unknown command.
You barely miss the orc priest. You closely miss the orc priest.
The orc priest hits you with a +0 short sword.
* * * LOW HITPOINT WARNING * * *
The orc priest hits you with a +0 hand axe.
* * * LOW HITPOINT WARNING * * *
Unknown command.
You hit the orc priest. You closely miss the orc priest.
The orc priest closely misses you. The orc priest barely misses you.
Unknown command.
A red film seems to cover your vision as you go berserk!
You feel yourself moving faster!
You feel mighty!
The orc priest mumbles some strange prayers to Beogh against you.
Beogh smites you!
You die...

Skill      XL: |  1  2 |
---------------+-------+-----
Axes           | 4 |  4.9
Fighting       | |  3.0
Armour         | |  1.5
Dodging        | |  1.5

Action                   || total
-------------------------++-------
Melee: Hand axe          ||    78
       Tailslap          ||     9
Invok: Berserk           ||     3
 Abil: Rolling Charge    ||    19
Armor: Animal skin       ||    39
Dodge: Dodged            ||    35

Levels and vault maps discovered:
D:1:      dpeg_arrival_solitude, layout_basic,
          hellmonk_ecumenical_altar_crossroads, chequers_serial_rivers_micro_c
D:2:      layout_basic, basic_altar, grunt_ministairs_8, serial_bayou_pond_a

Notes
Turn   | Place    | Note
-------+----------+-------------------------------------------
     0 | D:1      | Sobieck the Palentonga Berserker began the quest for the
                  | Orb.
     0 | D:1      | Reached XP level 1. HP: 19/19 MP: 1/1
     7 | D:1      | You fall into a shaft and drop 1 floor!
    13 | D:2      | Reached XP level 2. HP: 25/25 MP: 2/2
    26 | D:2      | Reached skill level 4 in Axes
   121 | D:2      | Found a shimmering blue altar of Sif Muna.
   251 | D:1      | Found a faded altar of an unknown god.
   304 | D:1      | Reached XP level 3. HP: 31/31 MP: 3/3
   372 | D:1      | Reached ** piety under Trog
  1271 | D:2      | You add the spells Ignite Poison, Mephitic Cloud and Bolt
                  | of Magma to your library.
  1487 | D:2      | HP: 6/31 [orc priest (4)]
  1487 | D:2      | HP: 2/31 [orc priest (4)]
  1489 | D:2      | Killed from afar by an orc priest

Vanquished Creatures
  2 adders (D:2)
  3 dart slugs (D:1)
  An orc (D:1)
  3 bats
  4 endoplasms (D:1)
  5 giant cockroaches (D:1)
  6 hobgoblins
  4 jackals (D:1)
  A quokka (D:1)
  3 ball pythons
  2 goblins
  A kobold (D:1)
  A rat (D:1)
36 creatures vanquished.

Vanquished Creatures (others)
  2 plants (D:2)
2 creatures vanquished.

Grand Total: 38 creatures vanquished

Table legend:
 A = Non-vault XP
 B = Vault XP
 C = Vault XP percentage of total XP
 D = Non-vault monster count
 E = Vault monster count
 F = Vault count percentage of total count
                 A         B        C        D         E       F
            +---------+---------+-------+---------+---------+-------
      Total |      90 |       3 |   3.2 |      34 |       2 |   5.6
            +---------+---------+-------+---------+---------+-------
        D:1 |      54 |       2 |   3.6 |      26 |       1 |   3.7
        D:2 |      36 |       1 |   2.7 |       8 |       1 |  11.1
            +---------+---------+-------+---------+---------+-------

Illustrated notes

Table legend:
 A = Kills in this place as a percentage of kills in entire the game.
 B = Kills by you in this place as a percentage of kills by you in the entire game.
 C = Kills by friends in this place as a percentage of kills by friends in the entire game.
 D = Other kills in this place as a percentage of other kills in the entire game.
 E = Experience gained in this place as a percentage of experience gained in the entire game.
 F = Experience gained in this place divided by the number of levels of this place that you have seen.
                   A       B       C       D       E      F
               +-------+-------+-------+-------+-------+----------------------
         Total | 100.0 | 100.0 |   N/A |   N/A | 100.0 |  46.5
       Dungeon | 100.0 | 100.0 |   N/A |   N/A | 100.0 |  46.5
               +-------+-------+-------+-------+-------+----------------------

Table legend: (Time is in decaauts)
 A = Elapsed time spent in this place.
 B = Non-inter-level travel time spent in this place.
 C = Inter-level travel time spent in this place.
 D = Time resting spent in this place.
 E = Time spent auto-exploring this place.
 F = Levels seen in this place.
 G = Mean time per level.
                   A        B        C        D        E       F      G
               +--------+--------+--------+--------+--------+-----+--------+
         Total |   1517 |   1479 |     38 |    630 |    680 |   2 |  758.5 |
       Dungeon |   1517 |   1479 |     38 |    630 |    680 |   2 |  758.5 |
               +--------+--------+--------+--------+--------+-----+--------+

Top non-repeatable levels by time:
     D:1: 1051 daAuts
     D:2: 466 daAuts
